 Dungeon Crawl Stone Soup version 0.31-a0-325-g067879e3d3 (webtiles) character file.

Game seed: 10183976896603116570

49 IndexError the Ruffian (level 3, -5/28 HPs)
             Began as a Barachi Shapeshifter on July 18, 2023.
             Slain by a gnoll
             ... wielding a +0 spear
              (7 damage)
             ... on level 2 of the Dungeon.
             The game lasted 00:02:03 (1163 turns).

IndexError the Ruffian (Barachi Shapeshifter)       Turns: 1163, Time: 00:02:04

Health: -5/28      AC:  2    Str: 18    XL:     3   Next: 77%
Magic:  3/3        EV: 11    Int: 14    God:
Gold:   123        SH:  5    Dex: 12    Spells: 2/2 levels left

rFire   . .          .
                       - Unarmed
rCold   . . .        p - +2 buckler
rNeg    . . .        a - +0 animal skin
rPois   .            (helmet currently unavailable)
rElec   .            (cloak currently unavailable)
rCorr   .            (gloves currently unavailable)
SInv    .            l - melded +0 pair of boots
Will    .....        (no amulet)
Stlth   +            h - +6 ring of intelligence
HPRegen 0.24/turn    (no ring)
MPRegen 0.08/turn

%: no passive effects
@: beast-form, slow
A: beast (slay +2), amphibious, slowness 1, strong legs 1, +LOS
a: Hop, Begin Untransformation


You were on level 2 of the Dungeon.
You were a hulking beast.
You visited 1 branch of the dungeon, and saw 2 of its levels.

You collected 123 gold pieces.

Inventory:

Hand Weapons
 k - a +0 short sword
   (You took it off a kobold on level 1 of the Dungeon)
Armour
 a - a +0 animal skin (worn)
 l - a +0 pair of boots (melded)
   (You found it on level 1 of the Dungeon)
 p - a +2 buckler (worn)
   (You found it on level 2 of the Dungeon)
Magical Staves
 j - a staff of conjuration {!a}
   (You found it on level 1 of the Dungeon)
Jewellery
 h - a +6 ring of intelligence (left hand)
   (You found it on level 1 of the Dungeon)
Talismans
 c - a beast talisman
Scrolls
 e - a scroll of revelation {unknown}
 f - 6 scrolls of identify {unknown}
 g - a scroll of blinking {unknown}
 i - 4 scrolls of teleportation {unknown}
 m - a scroll of poison {unknown}
Potions
 b - a potion of lignification {!q}
 d - a potion of ambrosia {unknown}
 n - 2 potions of might {unknown}
 o - a potion of invisibility {unknown}


   Skills:
 - Level 2.4 Fighting
 - Level 2.1 Dodging
 * Level 3.8 Unarmed Combat
 + Level 3.7 Shapeshifting


You had 2 spell levels left.
You didn't know any spells.
Your spell library contained the following spells:

 Spells                   Type           Power      Damage    Failure   Level
 Kiss of Death            Conj/Necr      0%         2d5       36%         1
 Call Canine Familiar     Summ           0%         N/A       75%         3
 Confusing Touch          Hex            0%         N/A       75%         3
 Portal Projectile        Hex/Tloc       0%         N/A       75%         3
 Dispel Undead            Necr           0%         3d6       98%         4
 Leda's Liquefaction      Hex/Erth       0%         N/A       98%         4


Dungeon Overview and Level Annotations

Branches:
Dungeon (2/15)

Altars:
Gozag


Innate Abilities, Weirdness & Mutations

You are a hulking beast.
Your limbs bulge with bestial killing power. (Slay +2)
You are amphibious.
You cover ground slowly.
You can hop short distances.
You have an extended range of vision and can be seen from far away.


Message History

Okay, then.
You begin transforming.
You continue transforming. x3
You turn into a hulking beast.
Your +0 pair of boots melds into your body.
You see here a +0 ring mail.
You now have 83 gold pieces (gained 8).
You see here a stone.
You now have 93 gold pieces (gained 10).
There is a stone staircase leading up here.
A hobgoblin comes into view.
The hobgoblin shouts!
You see here 9 gold pieces.
You punch the hobgoblin!
No target in view!
You now have 102 gold pieces (gained 9).
o - a black potion You now have 114 gold pieces (gained 12).
You now have 123 gold pieces (gained 9).
A gnoll comes into view. It is wielding a +0 spear.
A gnoll is nearby!
The gnoll shouts!
A gnoll comes into view. It is wielding a +0 whip.
The gnoll shouts!
You hear a shout! x2
A gnoll comes into view. It is wielding a +0 spear.
A kobold comes into view. It is wielding a +0 short sword.
A hobgoblin comes into view.
The gnoll moves out of view.
The gnoll closely misses you.
The gnoll shouts!
You punch the gnoll!
You hear a shout!
The gnoll hits you from afar with a +0 spear.
You take 2 damage, and have 26/28 hp.
You hit the gnoll. The gnoll hits you with a +0 whip.
The gnoll hits you from afar with a +0 spear.
You take 8 damage, and have 18/28 hp.
MASSIVE DAMAGE!!
You closely miss the gnoll. You block the gnoll's attack.
The gnoll hits you but does no damage.
You hit the gnoll. The gnoll completely misses you.
You hit the kobold.
The gnoll hits you from afar with a +0 spear.
You take 4 damage, and have 14/28 hp.
The gnoll hits you with a +0 spear. You block the hobgoblin's attack.
A goblin comes into view. It is wielding a +0 dagger.
Items here: ( )) †.
You take 3 damage, and have 11/28 hp.
You hit the gnoll.
The gnoll hits you from afar with a +0 spear.
The gnoll barely misses you.
The hobgoblin hits you but does no damage.
You take 1 damage, and have 10/28 hp.
You hit the gnoll. The gnoll closely misses you.
The gnoll hits you with a +0 spear!
* * * LOW HITPOINT WARNING * * *
The hobgoblin hits you.
* * * LOW HITPOINT WARNING * * *
You take 8 damage, and have 2/28 hp.
MASSIVE DAMAGE!!
You hit the gnoll. The gnoll barely misses you.
You block the hobgoblin's attack. The gnoll closely misses you.
The hobgoblin barely misses you.
You see here a +0 spear.
The hobgoblin barely misses you. The gnoll misses you.
Items here: ( )) †.
Hop to where?
Press: ? - help, Dir - move target Boing!
There is a stone staircase leading up here.
The hobgoblin misses you.
You climb upwards.
There is a stone staircase leading down here.
You closely miss the hobgoblin. The hobgoblin closely misses you.
You hit the hobgoblin. The hobgoblin barely misses you.
You punch the hobgoblin!
You see here a hobgoblin corpse.
There is a stone staircase leading down here.
You start resting.
You are ready to hop once more.
You regained 3 hp, and now have 12/28 hp.
You start resting.
HP restored.
Health restored: 28 You climb downwards.
There is a stone staircase leading up here.
The gnoll hits you from afar with a +0 spear. x2
The goblin hits you with a +0 dagger.
You take 11 damage, and have 17/28 hp.
MASSIVE DAMAGE!!
You closely miss the goblin.
The gnoll hits you from afar with a +0 spear.
You block the goblin's attack.
You take 3 damage, and have 14/28 hp.
The goblin hits you with a +0 dagger. You block the gnoll's attack.
You take 4 damage, and have 10/28 hp.
The gnoll hits you from afar with a +0 spear!
* * * LOW HITPOINT WARNING * * *
You block the goblin's attack.
You take 9 damage, and have 1/28 hp.
MASSIVE DAMAGE!!
The goblin attacks as you move away! The goblin closely misses you.
There is a stone staircase leading up here.
The gnoll hits you from afar with a +0 spear!
You die...

#.# #.>..<....###.g.#######....
#.# ##..÷...######.### #######
..# #.......# ##g.# #.....#
..####.##.#### #..## #.....#
..##...##.# ####.## #####.....#
..#.(##...####..g.#####.........#
....###.####...#####....###.....#
[....##.##...######..#### #......
..#.........g#.gh...## ###......
..#..........#g###### #.......#
..#............# ##.###.###
.....#.######### ###..# .#
...###..## ##...## .# ...# ##..#
#..### .# ...## ##.# ###.## #
#...# #.## ##...# #..)# #..##
#..###


You could see a gnoll and a goblin.

Vanquished Creatures
  3 gnolls
  2 ball pythons (D:1)
  An endoplasm (D:2)
  2 giant cockroaches
  4 hobgoblins
  2 bats (D:1)
  2 frilled lizards (D:1)
  3 kobolds
  A rat (D:1)
20 creatures vanquished.

Notes
Turn   | Place    | Note
-------+----------+-------------------------------------------
     0 | D:1      | IndexError the Barachi Shapeshifter began the quest for the
                  | Orb.
     0 | D:1      | Reached XP level 1. HP: 17/17 MP: 1/1
   288 | D:1      | Reached XP level 2. HP: 23/23 MP: 2/2
   532 | D:1      | HP: 5/23 [gnoll/+0 club (2)]
   534 | D:1      | Reached skill level 3 in Unarmed Combat
   877 | D:2      | Found an opulent altar of Gozag.
   914 | D:2      | Found a faded altar of an unknown god.
   920 | D:2      | Reached XP level 3. HP: 28/28 MP: 3/3
  1054 | D:2      | HP: 3/28 [gnoll/+0 spear (7)]
  1161 | D:2      | HP: 1/28 [gnoll/+0 spear (9)]
  1163 | D:2      | Slain by a gnoll

Illustrated notes

Levels and vault maps discovered:
D:1:      dpeg_arrival_concentric_ovals, layout_loops_cross,
          minmay_misc_feat_plants
D:2:      layout_rooms, hellmonk_ecumenical_altar_zigzags, basic_altar

Skill      XL: |  1  2 |
---------------+-------+-----
Unarmed Combat | 3 |  3.8
Fighting       | |  2.4
Dodging        | |  2.1
Shapeshifting  | |  3.7

Action                     || total
---------------------------++-------
  Melee: Unarmed           ||    54
         Punch             ||     1
Ability: Hop               ||     1
         Begin Untransform ||     1
   Stab: Sleeping          ||     2
 Armour: Animal skin       ||    12
  Dodge: Dodged            ||    31
  Block: Buckler           ||     6
   Form: Beast             ||     1

Table legend: (Time is in decaauts)
 A = Elapsed time spent in this place.
 B = Non-inter-level travel time spent in this place.
 C = Inter-level travel time spent in this place.
 D = Time resting spent in this place.
 E = Time spent auto-exploring this place.
 F = Levels seen in this place.
 G = Mean time per level.
                   A        B        C        D        E       F      G
               +--------+--------+--------+--------+--------+-----+--------+
         Total |   1336 |   1237 |     99 |     76 |    930 |   2 |  668.0 |
       Dungeon |   1336 |   1237 |     99 |     76 |    930 |   2 |  668.0 |
               +--------+--------+--------+--------+--------+-----+--------+

Top non-repeatable levels by time:
     D:1: 1050 daAuts
     D:2: 285 daAuts

Levels and vault maps discovered:
D:1:      dpeg_arrival_concentric_ovals, layout_loops_cross,
          minmay_misc_feat_plants
D:2:      layout_rooms, hellmonk_ecumenical_altar_zigzags, basic_altar

Table legend: (Time is in decaauts)
 A = Elapsed time spent in this place.
 B = Non-inter-level travel time spent in this place.
 C = Inter-level travel time spent in this place.
 D = Time resting spent in this place.
 E = Time spent auto-exploring this place.
 F = Levels seen in this place.
 G = Mean time per level.
                   A        B        C        D        E       F      G
               +--------+--------+--------+--------+--------+-----+--------+
         Total |   1336 |   1237 |     99 |     76 |    930 |   2 |  668.0 |
       Dungeon |   1336 |   1237 |     99 |     76 |    930 |   2 |  668.0 |
               +--------+--------+--------+--------+--------+-----+--------+

Top non-repeatable levels by time:
     D:1: 1050 daAuts
     D:2: 285 daAuts

Table legend:
 A = Kills in this place as a percentage of kills in the entire game.
 B = Kills by you in this place as a percentage of kills by you in the entire game.
 C = Kills by friends in this place as a percentage of kills by friends in the entire game.
 D = Other kills in this place as a percentage of other kills in the entire game.
 E = Experience gained in this place as a percentage of experience gained in the entire game.
 F = Experience gained in this place divided by the number of levels of this place that you have seen.
                   A       B       C       D       E      F
               +-------+-------+-------+-------+-------+----------------------
         Total | 100.0 | 100.0 |   N/A |   N/A | 100.0 |  35.5
       Dungeon | 100.0 | 100.0 |   N/A |   N/A | 100.0 |  35.5
               +-------+-------+-------+-------+-------+----------------------
